 Dungeon Crawl Stone Soup version 0.31-a0-1616-gbeaec30b81 (webtiles) character file.

Game seed: 941107444515608713

800 Pickler the Chiller (level 7, -2/60 HPs)
             Began as a Red Draconian Ice Elementalist on Jan 11, 2024.
             Slain by an orc warrior
             ... wielding a +0 battleaxe
              (13 damage)
             ... on level 5 of the Dungeon.
             The game lasted 00:11:44 (3802 turns).

Pickler the Chiller (DrIE)                          Turns: 3802, Time: 00:11:44

Health: -2/60      AC:  8    Str: 16    XL:     7   Next: 59%
Magic:  6/13       EV: 13    Int: 17    God:
Gold:   162        SH:  0    Dex: 12    Spells: 10/14 levels left

rFire   + . .        m - +1 dagger (venom)
rCold   . . .        (no shield)
rNeg    . . .        (body armour unavailable)
rPois   .            (helmet restricted)
rElec   .            j - +0 cloak
rCorr   .            (no gloves)
SInv    .            q - +0 pair of boots
Will    +....        B - amulet of faith
Stlth   ++           n - +6 ring of strength
HPRegen 0.30/turn    s - ring of willpower
MPRegen 0.13/turn

%: faith
@: freezing walls
A: breathe fire, AC +6, unfitting armour, fire resistance 1, cold-blooded
a: Breathe Fire


You were on level 5 of the Dungeon.
You visited 1 branch of the dungeon, and saw 5 of its levels.

You collected 232 gold pieces.
You spent 70 gold pieces at shops.

Inventory:

Hand Weapons
 m - a +1 dagger of venom (weapon)
 o - a +7 club
 p - a +0 dagger of speed
 r - a +1 heavy mace
Missiles
 C - 10 poisoned darts
Armour
 j - a +0 cloak (worn)
 q - a +0 pair of boots (worn)
Jewellery
 b - a +6 ring of strength
 n - a +6 ring of strength (left hand)
 s - a ring of willpower (right hand)
 u - a ring of resist corrosion
 B - an amulet of faith (around neck)
Scrolls
 c - a scroll of vulnerability {unknown}
 e - 3 scrolls of identify {unknown}
 f - a scroll of immolation {unknown}
 g - 4 scrolls of fog {unknown}
 v - a scroll of teleportation {unknown}
 w - a scroll of blinking {unknown}
 y - a scroll of revelation {unknown}
 E - a scroll of fear {unknown}
Potions
 a - a potion of magic
 d - a potion of curing {unknown}
 h - a potion of haste {unknown}
 i - a potion of heal wounds
 k - a potion of ambrosia {unknown}
 l - a potion of brilliance {unknown}
 t - 2 potions of lignification {unknown}
 x - a potion of resistance {unknown}
 z - 2 potions of invisibility {unknown}
 A - a potion of cancellation {unknown}
 D - a potion of might {unknown}


   Skills:
 + Level 4.4 Fighting
 + Level 4.1 Dodging
 - Level 1.7 Stealth
 + Level 4.3 Spellcasting
 + Level 4.8 Ice Magic


You had 10 spell levels left.
You knew the following spells:

 Your Spells              Type           Power      Damage    Failure   Level
a - Freeze                Ice            80%        1d9       2%          1
b - Frozen Ramparts       Ice            40%        1d7       6%          3

Your spell library contained the following spells:

 Spells                   Type           Power      Damage    Failure   Level
 Ozocubu's Armour         Ice            20%        N/A       6%          3
 Summon Ice Beast         Ice/Summ       11%        N/A       17%         3
 Gell's Gravitas          Tloc           3%         N/A       41%         3
 Teleport Other           Tloc           3%         N/A       41%         3
 Leda's Liquefaction      Alch/Erth      1%         N/A       83%         4
 Petrify                  Alch/Erth      3%         N/A       83%         4
 Metabolic Englaciation   Hex/Ice        5%         N/A       85%         5
 Dispersal                Tloc           1%         N/A       100%        6


Dungeon Overview and Level Annotations

Branches:
Dungeon (5/15)
 Temple: D:4-7

Altars:
Dithmenos
Kikubaaqudgha
Okawaru

Shops:
D:3 !


Innate Abilities, Weirdness & Mutations

You can breathe blasts of fire.
Your fiery red scales are hard. (AC +6)
You cannot fit into any form of body armour.
Your flesh is heat resistant. (rF+)
You are cold-blooded and may be slowed by cold attacks.


Message History

Something hits you but does no damage. The orc warrior closely misses you.
Unknown command.
You hit the orc warrior but do no damage.
The orc warrior looks as sick as possible!
You tail-slap the orc warrior, but do no damage.
The orc warrior is moderately wounded.
Something barely misses you.
The orc warrior hits you but does no damage.
You barely miss the orc warrior.
The orc warrior is moderately wounded.
Something hits you but does no damage.
The orc warrior hits you with a +0 battleaxe.
You barely miss the orc warrior.
The orc warrior is heavily wounded.
Something hits you but does no damage.
The orc warrior hits you with a +0 battleaxe!
* * * LOW HITPOINT WARNING * * *
Unknown command.
Casting: Frozen Ramparts (dangerous; 6% risk of failure)
Confirm with . or Enter, or press ? or * to list all spells.
Casting: Frozen Ramparts (dangerous; 6% risk of failure)
Press: ? - help, Dir - look around, f - activate An open door, spattered with blood.
The walls around you are covered in ice.
The wall freezes something but does no damage.
Something hits you but does no damage.
The wall freezes the orc warrior but does no damage.
The orc warrior barely misses you.
Casting: Frozen Ramparts (dangerous; 6% risk of failure)
Confirm with . or Enter, or press ? or * to list all spells.
Aiming: Freeze (safe; 2% risk of failure)
Press: ? - help, Shift-Dir - straight line, f - orc warrior
Aim: an orc warrior, wielding a +0 battleaxe and wearing a +0 plate armour (severely wounded, extremely poisoned)
You freeze the orc warrior.
The orc warrior is severely wounded.
The wall freezes something.
Something hits you.
* * * LOW HITPOINT WARNING * * *
The wall freezes the orc warrior.
The orc warrior hits you with a +0 battleaxe!
You die...

... ###..... ....
....... .... #.....
..... #..... ##+##...
#.<... #..)..# ###.....
#.....# #....... #†{o.[#
#.#..... ##@######
#..... #......# # #.....
##.....# #.#.....
###.....####.#.....
#.........##.......
#.........####.....
######......##..###....#
#.........^.##....#.....
#...........##.....>#...


You could see an orc warrior (extremely poisoned).

Vanquished Creatures
  A black bear (D:5)
  An ogre (D:5)
  A scorpion (D:5)
  2 bombardier beetles
  2 hounds (D:5)
  A jelly (D:4)
  A sleepcap (D:4)
  Jessica (D:3)
  3 iguanas
  2 orc wizards
  Robin (D:3)
  6 adders
  4 gnolls
  3 dart slugs (D:1)
  A ribbon worm (D:3)
  9 orcs
  8 ball pythons
  6 bats
  3 endoplasms
  3 giant cockroaches
  13 goblins
  8 hobgoblins
  17 jackals
  A quokka (D:1)
  2 frilled lizards
  5 kobolds
  5 rats
110 creatures vanquished.

Vanquished Creatures (others)
  A human (D:4)
1 creature vanquished.

Grand Total: 111 creatures vanquished

Notes
Turn   | Place    | Note
-------+----------+-------------------------------------------
     0 | D:1      | Pickler the Draconian Ice Elementalist began the quest for
                  | the Orb.
     0 | D:1      | Reached XP level 1. HP: 14/14 MP: 3/3
    87 | D:1      | Reached XP level 2. HP: 13/22 MP: 1/5
   195 | D:1      | Reached skill level 1 in Fighting
   619 | D:1      | Reached XP level 3. HP: 27/28 MP: 2/6
   750 | D:1      | Learned a level 3 spell: Frozen Ramparts
  1292 | D:2      | Reached XP level 4. HP: 36/36 MP: 2/7
  1485 | D:2      | Found a faded altar of an unknown god.
  1815 | D:3      | Noticed Robin
  1815 | D:3      | Found a glowing drain.
  1927 | D:3      | Killed Robin
  1940 | D:3      | Reached XP level 5. HP: 35/42 MP: 0/9
  1987 | D:3      | Found a shadowy altar of Dithmenos.
  2129 | D:3      | Noticed Jessica
  2145 | D:3      | Killed Jessica
  2317 | D:3      | Found an iron altar of Okawaru.
  2477 | D:3      | Found Ubakor's Distillery.
  2485 | D:3      | Bought a potion of heal wounds for 70 gold pieces
  2776 | D:4      | Reached skill level 5 in Ice Magic
  2776 | D:4      | Reached XP level 6. HP: 40/51 MP: 6/11
  3418 | D:4      | Found an ancient bone altar of Kikubaaqudgha.
  3419 | D:4      | Noticed a human
  3422 | D:4      | Killed a human
  3446 | D:5      | Entered Level 5 of the Dungeon
  3577 | D:5      | Your scales start taking on a fiery red colour.
  3577 | D:5      | Reached XP level 7. HP: 42/58 MP: 3/12
  3577 | D:5      | Gained mutation: Your flesh is heat resistant. (rF+) [Red
                  | Draconian growth]
  3802 | D:5      | Slain by an orc warrior

Illustrated notes

Levels and vault maps discovered:
D:1:      lightli_arrival_windingriver, layout_basic
D:2:      layout_rooms, chequers_ecumenical_altar_simple_redux
D:3:      layout_rooms, lemuel_round_altar, mainiacjoe_overflow_catwalk,
          cheibrodos_sewer_entry_drain, serial_shops,
          nicolae_shop_industrial_runoff, corner_web_ring, uniq_robin,
          uniq_jessica
D:4:      layout_rooms, tgw_kikubaaqudgha
D:5:      layout_basic

Skill      XL: |  1  2  3  4  5  6  7 |
---------------+----------------------+-----
Dodging        | 2 3 4 |  4.1
Fighting       | 1 2 3 4 |  4.4
Spellcasting   | 3 4 |  4.3
Ice Magic      | 5 4 |  4.8
Stealth        | |  1.7

Action                     |  1- 3 |  4- 6 |  7- 9 || total
---------------------------+-------+-------+-------++-------
  Melee: Unarmed           |     2 |       |       ||     2
         Spear             |     2 |       |       ||     2
         Rapier            |    28 |    11 |       ||    39
         Tailslap          |     2 |    14 |     1 ||    17
         Dagger            |       |    75 |    20 ||    95
   Cast: Freeze            |    49 |    82 |    15 ||   146
         Frozen Ramparts   |       |     2 |     2 ||     4
    Use: Potion            |       |       |     1 ||     1
   Stab: Sleeping          |       |     2 |       ||     2
 Armour: Skin              |    37 |   145 |    45 ||   227
  Dodge: Dodged            |    59 |   152 |    32 ||   243

Table legend: (Time is in decaauts)
 A = Elapsed time spent in this place.
 B = Non-inter-level travel time spent in this place.
 C = Inter-level travel time spent in this place.
 D = Time resting spent in this place.
 E = Time spent auto-exploring this place.
 F = Levels seen in this place.
 G = Mean time per level.
                   A        B        C        D        E       F      G
               +--------+--------+--------+--------+--------+-----+--------+
         Total |   3815 |   3647 |    168 |    354 |   2272 |   5 |  763.0 |
       Dungeon |   3815 |   3647 |    168 |    354 |   2272 |   5 |  763.0 |
               +--------+--------+--------+--------+--------+-----+--------+

Top non-repeatable levels by time:
     D:1: 1082 daAuts
     D:3: 856 daAuts
     D:2: 838 daAuts
     D:4: 682 daAuts
     D:5: 355 daAuts
